 Dungeon Crawl Stone Soup version 0.25.1-2-g60ff931df9 (webtiles) character file.

Game seed: 18195758148921318078

65 DearestLeader the Conjurer (level 3, -2/26 HPs)
             Began as a Draconian Conjurer on Sept 29, 2020.
             Killed from afar by Sigmund (5 damage)
             ... with a puff of flame
             ... on level 2 of the Dungeon.
             The game lasted 00:04:38 (1871 turns).

DearestLeader the Conjurer (Draconian Conjurer)     Turns: 1871, Time: 00:04:39

Health: -2/26      AC:  5    Str: 10    XL:     3   Next: 94%
Magic:  1/6        EV: 12    Int: 16    God:
Gold:   66         SH:  0    Dex: 11    Spells: 3/6 levels left

rFire    . . .     SeeInvis .   h - +0 short sword (drain)
rCold    . . .     Gourm    .   (no shield)
rNeg     . . .     Faith    .   (armour unavailable)
rPois    +         Spirit   .   (helmet restricted)
rElec    .         Reflect  .   (no cloak)
rCorr    .         Harm     .   (no gloves)
MR       .....                  (no boots)
Stlth    ++........             (no amulet)
HPRegen  0.08/turn              o - ring of poison resistance
MPRegen  0.10/turn              (no ring)

@: no status effects
A: unfitting armour, cold-blooded, AC +5
a: no special abilities


You were on level 2 of the Dungeon.
You were hungry.

You visited 1 branch of the dungeon, and saw 2 of its levels.

You collected 66 gold pieces.

Inventory:

Hand Weapons
 c - a +0 hand axe
 e - a +0 dagger
 h - a +0 short sword of draining (weapon)
Jewellery
 o - a ring of poison resistance (left hand)
Scrolls
 g - 2 scrolls of amnesia
 j - 2 scrolls of teleportation {unknown}
 m - a scroll of immolation
Potions
 a - a potion of stabbing {unknown}
 d - a potion of cancellation {unknown}
 f - a potion of mutation {unknown}
 i - a potion of might
 k - a potion of curing {unknown}
 l - 2 potions of resistance {unknown}
 n - a potion of invisibility {unknown}
 p - a potion of ambrosia {unknown}
Comestibles
 b - 4 rations
 q - 2 chunks of flesh


   Skills:
 - Level 1.7 Dodging
 - Level 1.7 Stealth
 + Level 2.2 Spellcasting
 * Level 5.4 Conjurations


You had 3 spell levels left.
You knew the following spells:

 Your Spells              Type           Power        Failure   Level  Hunger
a - Magic Dart            Conj           ###.         2%          1    #......
b - Searing Ray           Conj           ###...       3%          2    ###....

Your spell library contained the following spells:

 Spells                   Type           Power        Failure   Level  Hunger
 Dazzling Flash           Conj/Hex       ##....       21%         3    ###....
 Fulminant Prism          Conj/Hex       ##........   54%         4    #####..
 Iskenderun's Mystic Bla  Conj/Tloc      ##......     54%         4    #####..


Dungeon Overview and Level Annotations

Branches:
Dungeon (2/15)

Altars:

Annotations:
D:2 Sigmund


Innate Abilities, Weirdness & Mutations

Your plain brown scales are hard. (AC +5)
You cannot fit into any form of body armour.
You are cold-blooded and may be slowed by cold attacks.


Message History

The bat barely misses you.
Okay, then.
The bat hits you but does no damage.
Sigmund mumbles some strange words.
Sigmund flickers and vanishes!
Deactivating autopickup; reactivate with Ctrl-A.
The bat hits you but does no damage. The bat hits you but does no damage.
You hit the bat. You drain the bat.
You kill the bat!
Something hits you but does no damage. Something hits you!
* * * LOW HITPOINT WARNING * * *
A magic dart appears from out of thin air!
The magic dart hits you.
* * * LOW HITPOINT WARNING * * *
You hear some strange, mumbled words.
A puff of flame appears from out of thin air!
The puff of flame hits you.
You die...

### .........# #.# #.# [..
#........# #.# #.#
###..#.#......# #.# #.#
..#..#......# #.# #.#
.b.......# #.# #.#
.........###### #.# #.#
..............# #.# #.#
..#.b#+#......####.# #.#
..#.............@..# #.#
รท.#.##.#.(......#### #.#
###
...#......{.############.#
#
###.#........##...........#
##
#.#........##.###########
.# #.###......##.# .## #.#
#......##.#
..####'###......##.#
..##....##########.#


There were no monsters in sight!

Vanquished Creatures
  An adder (D:2)
  3 worms (D:2)
  A dart slug (D:1)
  4 giant cockroaches
  8 goblins
  3 hobgoblins
  2 quokkas (D:2)
  8 bats
  3 frilled lizards (D:1)
  4 kobolds (D:1)
  6 rats
43 creatures vanquished.

Notes
Turn   | Place    | Note
-------+----------+-------------------------------------------
     0 | D:1      | DearestLeader the Draconian Conjurer began the quest for
                  | the Orb.
     0 | D:1      | Reached XP level 1. HP: 14/14 MP: 3/3
   440 | D:1      | Reached XP level 2. HP: 20/20 MP: 5/5
   615 | D:1      | Learned a level 2 spell: Searing Ray
  1005 | D:1      | Reached skill level 5 in Conjurations
  1108 | D:1      | Reached XP level 3. HP: 26/26 MP: 6/6
  1843 | D:2      | Noticed Sigmund
  1871 | D:2      | Killed from afar by Sigmund

Illustrated notes

Levels and vault maps discovered:
D:1:      minmay_arrival_checkered_box, layout_loops_corners, minmay_tromino_v7
D:2:      layout_basic, chequers_serial_rivers_micro_a, solitary_fountain,
          uniq_robin, uniq_sigmund, uniq_jessica

Skill      XL: |  1  2 |
---------------+-------+-----
Conjurations   | 5 |  5.4
Dodging        | |  1.7
Stealth        | |  1.7
Spellcasting   | |  2.2

Action                   || total
-------------------------++-------
Melee: Hand axe          ||     9
       Unarmed           ||     5
       Short sword       ||    70
       Dagger            ||     3
       Tailslap          ||     4
 Cast: Magic Dart        ||    10
       Searing Ray       ||     6
  Use: Scroll            ||     3
 Stab: Sleeping          ||     3
  Eat: Chunk             ||     3
Armor: Skin              ||    41
Dodge: Dodged            ||    56
